 Dungeon Crawl Stone Soup version 0.14-a0-1773-ge500af7 (webtiles) character file.

1133 Nicoed the Skirmisher (level 8, -1/62 HPs)
             Began as a Human Fighter on Jan 7, 2014.
             Slain by an ogre
             ... wielding a +0,+0 giant club
              (14 damage)
             ... on Level 5 of the Dungeon.
             The game lasted 00:17:51 (5937 turns).

Nicoed the Skirmisher (Human Fighter)               Turns: 5937, Time: 00:17:51

HP  -1/62        AC 12     Str 19      XL: 8   Next: 32%
MP   0/8         EV  9     Int  8      God:
Gold 208         SH 11     Dex 13      Spells:  0 memorised,  7 levels left

rFire  . . .     SeeInvis .     a - +0 falchion (curse)
rCold  . . .     Clarity  .     p - +0 scale mail
rNeg   . . .     Conserve .     l - +0 dwarf buckler
rPois  .         rCorr    .     k - +0 cap
rElec  .         rRot     .     c - +0 cloak
SustAb . .       Spirit   +     h - +0 pair of gloves
rMut   .         Warding  .     (no boots)
Saprov . . .     RndTele  +     f - amulet of guardian spirit
                                s - +3 ring of protection
                                g - cursed ring of teleportation

@: slightly resistant to hostile enchantments, extremely unstealthy
A: no striking features
a: Evoke Teleportation


You were on level 5 of the Dungeon.
You were not hungry.

You visited 1 branch of the dungeon, and saw 6 of its levels.

You collected 208 gold pieces.

Inventory:

Hand weapons
 a - a cursed +0,+0 falchion (weapon)
Armour
 c - a +0 cloak (worn)
 h - a +0 pair of gloves (worn)
 k - a +0 cap (worn)
 l - a +0 dwarven buckler (worn)
 p - a +0 scale mail (worn)
Comestibles
 b - a pear
Scrolls
 m - 3 scrolls of identify
Jewellery
 f - an amulet of guardian spirit (around neck)
 g - a cursed ring of teleportation (left hand)
 s - a +3 ring of protection (right hand)
Potions
 o - 2 potions of curing
 r - a potion of invisibility {unknown}
 t - a potion of agility {unknown}


   Skills:
 + Level 5.0 Fighting
 + Level 4.5 Long Blades
 + Level 4.8 Armour
 + Level 3.6 Dodging
 + Level 5.0 Shields


You had 7 spell levels left.
You didn't know any spells.

Dungeon Overview and Level Annotations

Branches:
Dungeon (6/16)             Temple (0/1) D:5

Altars:

Annotations:
D:5 Nicoed's ghost, experienced HuFi
D:6 Grinder


Message History

The phantom is moderately damaged.
The ogre hits you with a giant club!
* * * LOW HITPOINT WARNING * * *
The phantom hits you but does no damage.
You completely miss the phantom.
The phantom is moderately damaged.
The phantom blinks!
The phantom blinks!
There is an escape hatch in the ceiling here.
Unknown command.
Unknown command.
The ogre hits you but does no damage.
The phantom blinks!
The phantom blinks!
You hear the slow rusting of a distant drain.
Found a pair of elven gloves.
A rat comes into view.
The phantom blinks!
You closely miss the rat. The ogre hits you with a giant club!
You die...

#.#.# #.# #.#(#
#.# #.#.# #.#
.8(.############.#
.............%.#.#
...8##########.#.#
....# #.#p# .8..#
#.#O# #.### #.#@#
#.# #.#r# #.#
#.#.# #.#
########.#.# #.#
#........#[# #.#
#.########.# #.#
#.# #.# #.#
#.########.# #.#
#..........#


You could see a phantom, an ogre and a rat.

Vanquished Creatures
  An ice beast (D:5)
  A sky beast (D:5)
  An ogre (D:4)
  2 crimson imps (D:5)
  2 hounds (D:5)
  3 orc priests
  2 orc wizards (D:5)
  2 scorpions
  An iguana (D:6)
  2 worker ants
  Ijyb (D:2)
  A hound skeleton (D:5)
  Terence (D:2)
  10 adders
  An inept item mimic (D:3)
  A giant mite (D:2)
  2 worms
  15 orcs
  5 hobgoblins
  10 kobolds
  10 ball pythons
  5 bats
  4 giant cockroaches
  2 giant geckos
  5 giant newts
  13 goblins
  4 jackals
  2 kobold zombies (D:5)
  A quokka skeleton (D:5)
  15 rats
125 creatures vanquished.

Notes
Turn   | Place    | Note
--------------------------------------------------------------
     0 | D:1      | Nicoed, the Human Fighter, began the quest for the Orb.
     0 | D:1      | Reached XP level 1. HP: 18/18 MP: 1/1
   393 | D:1      | Reached XP level 2. HP: 24/24 MP: 2/2
  1114 | D:2      | Noticed Terence
  1280 | D:2      | Noticed Ijyb
  1305 | D:2      | Killed Ijyb
  1305 | D:2      | Reached skill level 1 in Dodging
  1305 | D:2      | Reached XP level 3. HP: 24/29 MP: 3/3
  1379 | D:2      | Reached XP level 4. HP: 23/36 MP: 4/4
  1552 | D:2      | Killed Terence
  2081 | D:3      | Reached XP level 5. HP: 35/42 MP: 5/5
  3100 | D:3      | Reached skill level 4 in Fighting
  3349 | D:3      | Reached XP level 6. HP: 45/48 MP: 4/6
  4297 | D:4      | Reached XP level 7. HP: 54/54 MP: 7/7
  4516 | D:5      | Entered Level 5 of the Dungeon
  4702 | D:5      | Found a sand-covered staircase.
  4822 | D:5      | Found a staircase to the Ecumenical Temple.
  5125 | D:6      | Noticed Grinder
  5125 | D:6      | Paralysed by Grinder for 3 turns
  5132 | D:6      | Paralysed by Grinder for 2 turns
  5279 | D:5      | Reached XP level 8. HP: 43/61 MP: 6/8
  5411 | D:5      | Noticed Nicoed's ghost (experienced HuFi)
  5454 | D:5      | Reached skill level 5 in Fighting
  5454 | D:5      | Reached skill level 5 in Shields
  5937 | D:5      | Slain by an ogre

Action                   |  1- 3 |  4- 6 |  7- 9 || total
-------------------------+-------+-------+-------++-------
Melee: Falchion          |   137 |   275 |   401 ||   813
  Use: Scroll            |     6 |     2 |       ||     8
       Potion            |       |     4 |     7 ||    11
